 Dungeon Crawl Stone Soup version 0.19.4-9-g45fd643 (webtiles) character file.

6318 SQman the Cleaver (level 10, -7/79 HPs)
             Began as a Hill Orc Fighter on Feb 18, 2017.
             Was a Believer of Hepliaklqana.
             Shot with an arrow by a centaur warrior (9 damage)
             ... on level 10 of the Dungeon.
             The game lasted 00:40:38 (6693 turns).

SQman the Cleaver (Hill Orc Fighter)                Turns: 6693, Time: 00:40:39

Health: -7/79      AC: 19    Str: 22    XL:     10   Next: 95%
Magic:  0/13       EV:  6    Int:  8    God:    Hepliaklqana [**....]
Gold:   440        SH: 11    Dex: 11    Spells: 0 memorised, 13 levels left

rFire  . . .     SeeInvis .     a - +2 war axe
rCold  . . .     Gourm    .     M - +2 plate armour
rNeg   . . .     Faith    .     c - +0 shield
rPois  +         Spirit   +     (no helmet)
rElec  .         Reflect  .     r - +0 cloak
rCorr  .         Harm     .     D - +0 pair of gloves
MR     .....                    u - +0 pair of boots
Stlth  ..........               Q - amulet of guardian spirit
                                F - +6 ring of slaying
                                q - ring of poison resistance

@: no status effects
A: reduced essence
a: Recall Ancestor, Ancestor Identity, Renounce Religion


You were on level 10 of the Dungeon.
You worshipped Hepliaklqana.
Hepliaklqana was pleased with you.
You were not hungry.

You visited 1 branch of the dungeon, and saw 10 of its levels.

You collected 440 gold pieces.

Inventory:

Hand Weapons
 a - a +2 war axe (weapon)
Armour
 c - a +0 shield (worn)
 r - a +0 cloak (worn)
 u - a +0 pair of boots (worn)
 D - a +0 pair of gloves (worn)
 M - a +2 plate armour (worn)
Jewellery
 q - a ring of poison resistance (left hand)
 F - a +6 ring of slaying (right hand)
 Q - an amulet of guardian spirit (around neck)
Wands
 p - a wand of iceblast (10/15)
 t - a wand of flame (5/48)
 w - a wand of iceblast (3/15)
 B - a wand of polymorph (12/24)
 O - a wand of lightning (3/15)
Scrolls
 i - 2 scrolls of noise
 k - a scroll of magic mapping
 E - 4 scrolls of recharging
 J - a scroll of teleportation
 K - 3 scrolls of remove curse
Potions
 e - a potion of lignification
 g - a potion of haste
 l - 4 potions of curing
 m - a potion of resistance
 n - a potion of heal wounds
 v - 2 potions of agility
 G - 2 potions of flight
 H - 2 potions of magic
 I - a potion of cancellation
 T - a potion of might
Comestibles
 f - 6 bread rations
 h - 6 fruits
 j - 3 beef jerkies
 A - 5 meat rations
 N - 2 royal jellies
 P - 4 chunks of flesh


   Skills:
 + Level 8.2 Fighting
 + Level 12.2 Axes
   Level 2.6(3.2) Slings
 + Level 2.6(3.2) Throwing
 + Level 8.3 Armour
 + Level 2.7 Dodging
 + Level 3.0 Stealth
 + Level 7.8 Shields
 + Level 3.2 Unarmed Combat
 + Level 2.0 Spellcasting
 + Level 2.8 Evocations


You had 13 spell levels left.
You didn't know any spells.

Dungeon Overview and Level Annotations

Branches:
Dungeon (10/15)            Temple (0/1) D:5            Lair (0/6) D:10
    Orc: D:9-12

Altars:
Cheibriados
Gozag
Hepliaklqana
Kikubaaqudgha
Makhleb
Ru
Trog
Xom
Yredelemnul
Zin


Message History

You open the door.
A centaur warrior comes into view.
The centaur warrior shouts!
You block the troll's attack. The troll closely misses you.
The troll claws you.
* * * LOW HITPOINT WARNING * * *
The centaur warrior wields a shortbow.
The centaur warrior shoots an arrow.
The arrow hits you!
* * * LOW HITPOINT WARNING * * *
You closely miss the troll. You block the troll's attack.
The troll claws you but does no damage. The troll barely misses you.
You slice the troll!!
The troll is heavily wounded.
The troll bites you but does no damage. The troll closely misses you.
The troll claws you!
* * * LOW HITPOINT WARNING * * *
You slice the troll!!
You kill the troll!
The centaur warrior shoots an arrow.
The arrow hits you!
You die...

..# ..# ≈≈≈≈≈≈..#
..# ≈≈≈≈≈.... ..#
≈≈≈≈h≈.≈. c.#
≈≈≈h≈≈≈≈# ..#
.≈.≈≈≈s≈# ####'#
..hH≈≈≈≈# #h.@.#
>.h≈≈≈≈≈###H#######
.(h≈≈≈≈≈...<.......
..h≈≈≈≈≈.######+##.
.≈≈h≈≈≈..#
...≈≈≈...#
.≈≈≈≈≈...#
.≈≈≈..≈..#
.≈≈≈≈....#


You could see a centaur warrior, a hippogriff and a hound.

Vanquished Creatures
  The ghost of vilekko the Fighter, a novice MiFi of Makhleb (D:9)
  A troll (D:10)
  2 hippogriffs (D:9)
  The ghost of tryingrandom the Destroyer, an amateur DECj (D:5)
  Sigmund (D:6)
  A hungry ghost (D:7)
  Eustachio (D:5)
  Menkaure (D:7)
  An ice beast (D:6)
  A black bear (D:6)
  A phantom (D:9)
  An ogre (D:7)
  2 centaurs
  Blork the orc (D:5)
  8 bullfrogs
  5 wights
  An electric eel (D:10)
  A centaur zombie (D:7)
  4 crimson imps
  A jelly (D:9)
  3 hounds
  2 orc priests
  Crazy Yiuf (D:7)
  2 orc wizards
  An iguana (D:8)
  5 worker ants
  A worker ant zombie (D:5)
  A howler monkey zombie (D:6)
  5 adders
  3 shadow imps (D:5)
  An ooze (D:2)
  An adder zombie (D:7)
  3 worms
  2 dart slugs
  3 leopard geckos
  16 orcs
  2 ball pythons (D:5)
  A bat skeleton (D:6)
  4 bat zombies (D:6)
  5 giant cockroaches
  10 goblins
  4 hobgoblins
  11 jackals
  10 kobolds
  3 quokkas
  8 bats
  2 frilled lizards
  13 rats
  A plant (D:3)
160 creatures vanquished.

Vanquished Creatures (collateral kills)
  A centaur zombie (D:9)
  A merfolk (D:9)
  A hornet (D:9)
  A hippogriff (D:8)
  A wraith (D:10)
  A black bear (D:8)
  An ice beast (D:8)
  A sky beast (D:8)
  4 ogres
  2 bullfrogs
  A wight (D:6)
  A hound (D:5)
  A bullfrog zombie (D:8)
  3 quasits
  A bullfrog skeleton (D:8)
  3 orc wizards
  A centaur skeleton (D:6)
  An iguana (D:5)
  2 worker ants
  A worker ant zombie (D:9)
  An adder (D:4)
  An adder skeleton (D:7)
  A dart slug (D:3)
  4 leopard geckos
  An orc (D:4)
  A bat zombie (D:6)
  A goblin (D:3)
  3 jackals
  A giant cockroach zombie (D:5)
43 creatures vanquished.

Vanquished Creatures (others)
  An unseen horror (D:9)
  An orc warrior (D:9)
  A centaur (D:9)
  A battlemage (D:10)
  An ancestor (D:6)
5 creatures vanquished.

Grand Total: 208 creatures vanquished

Notes
Turn   | Place    | Note
-------+----------+-------------------------------------------
     0 | D:1      | SQman the Hill Orc Fighter began the quest for the Orb.
     0 | D:1      | Reached XP level 1. HP: 19/19 MP: 1/1
   404 | D:1      | Reached XP level 2. HP: 26/27 MP: 2/2
   407 | D:1      | Reached skill level 3 in Axes
   867 | D:2      | Reached XP level 3. HP: 29/33 MP: 3/3
  1026 | D:2      | Reached skill level 5 in Fighting
  1026 | D:2      | Reached skill level 5 in Axes
  1026 | D:2      | Reached skill level 5 in Armour
  1026 | D:2      | Reached skill level 5 in Shields
  1026 | D:2      | Reached XP level 4. HP: 42/42 MP: 3/7
  1678 | D:3      | Reached XP level 5. HP: 48/48 MP: 8/8
  1830 | D:3      | Found a hazy altar of Hepliaklqana.
  1837 | D:3      | Became a worshipper of Hepliaklqana the Forgotten
  1938 | D:3      | Found a faded altar of an unknown god.
  2456 | D:4      | Noticed an ogre
  2462 | D:4      | Killed an ogre
  2462 | D:4      | Reached skill level 6 in Axes
  2462 | D:4      | Reached XP level 6. HP: 24/50 MP: 9/9
  2834 | D:4      | Reached XP level 7. HP: 55/55 MP: 10/10
  3076 | D:4      | Reached * piety under Hepliaklqana
  3209 | D:5      | Entered Level 5 of the Dungeon
  3213 | D:5      | Found a shimmering altar of Xom.
  3214 | D:5      | Noticed Eustachio
  3215 | D:5      | Noticed tryingrandom's ghost (amateur DECj)
  3241 | D:5      | Killed tryingrandom's ghost
  3244 | D:5      | Reached skill level 7 in Axes
  3278 | D:5      | Killed Eustachio
  3278 | D:5      | Reached XP level 8. HP: 18/63 MP: 11/11
  3383 | D:5      | Noticed Blork the orc
  3396 | D:5      | Killed Blork the orc
  3407 | D:5      | Found a staircase to the Ecumenical Temple.
  3841 | D:5      | Found a burning altar of Makhleb.
  4223 | D:6      | Reached skill level 8 in Axes
  4548 | D:6      | Noticed Sigmund
  4557 | D:6      | Killed Sigmund
  4557 | D:6      | Reached XP level 9. HP: 68/70 MP: 7/12
  4657 | D:6      | Found an opulent altar of Gozag.
  4701 | D:6      | Reached skill level 9 in Axes
  4884 | D:6      | Found an ancient bone altar of Kikubaaqudgha.
  4991 | D:7      | Found a runed door.
  4995 | D:7      | Noticed Crazy Yiuf
  4995 | D:7      | Noticed Menkaure
  4998 | D:7      | Killed Menkaure
  5001 | D:7      | Killed Crazy Yiuf
  5167 | D:7      | Found a snail-covered altar of Cheibriados.
  5179 | D:7      | Found a sacrificial altar of Ru.
  5182 | D:7      | Reached ** piety under Hepliaklqana
  5182 | D:7      | Found a basalt altar of Yredelemnul.
  5183 | D:7      | Remembered your ancestor Bodega as a battlemage
  5186 | D:7      | Found a glowing silver altar of Zin.
  5301 | D:7      | Reached skill level 10 in Axes
  5748 | D:8      | Found a bloodstained altar of Trog.
  5774 | D:8      | Reached XP level 10. HP: 76/77 MP: 11/13
  5821 | D:8      | Found a basalt altar of Yredelemnul.
  6240 | D:9      | Killed an unseen horror
  6290 | D:9      | Found a shimmering altar of Xom.
  6307 | D:9      | Reached skill level 11 in Axes
  6349 | D:9      | Noticed vilekko's ghost (novice MiFi)
  6362 | D:9      | Killed vilekko's ghost
  6672 | D:10     | Entered Level 10 of the Dungeon
  6676 | D:10     | Found a staircase to the Lair.
  6677 | D:10     | Reached skill level 12 in Axes
  6690 | D:10     | Noticed a centaur warrior
  6692 | D:10     | HP: 2/79 [troll (7)]
  6693 | D:10     | Shot with an arrow by a centaur warrior

Skill      XL: |  1  2  3  4  5  6  7  8  9 10 |
---------------+-------------------------------+-----
Axes           | 3 5 6 7 8 10 12 | 12.2
Fighting       | 5 6 7 8 |  8.2
Slings         | 2 |  2.6
Throwing       | 2 |  2.6
Armour         | 5 6 7 8 |  8.3
Dodging        | 2 |  2.7
Stealth        | 2 3 |  3.0
Shields        | 5 6 7 |  7.8
Unarmed Combat | 3 |  3.2
Spellcasting   | 2 |  2.0
Evocations     | 2 |  2.8

Action                   |  1- 3 |  4- 6 |  7- 9 | 10-12 || total
-------------------------+-------+-------+-------+-------++-------
Melee: War axe           |    60 |   197 |   237 |    77 ||   571
Invok: Ancestor Identity |       |     2 |       |       ||     2
       Ancestor Life: Ba |       |       |     1 |       ||     1
Evoke: Wand              |       |       |     2 |     1 ||     3
  Use: Scroll            |     6 |     4 |     5 |     8 ||    23
       Potion            |     4 |     3 |     5 |     1 ||    13
 Stab: Distracted        |       |       |     2 |     1 ||     3
  Eat: Chunk             |       |     6 |     1 |     1 ||     8
       Bread ration      |       |     1 |     2 |       ||     3
       Fruit             |       |       |       |     5 ||     5
Armor: Scale mail        |    33 |       |       |       ||    33
       Chain mail        |     1 |    96 |    67 |       ||   164
       Plate armour      |       |       |    85 |    46 ||   131
Dodge: Dodged            |    13 |    38 |    56 |    19 ||   126
Block: Shield            |    27 |    92 |   127 |    44 ||   290
